 Dungeon Crawl Stone Soup version 0.24.0-123-gd5b16e6ec5 (webtiles) character file.

Game seed: 2691875715186389010, levelgen mode: deterministic

81 Bluestream the Skirmisher (level 4, -1/42 HPs)
             Began as a Minotaur Fighter on Feb 4, 2020.
             Slain by Pikel
             ... wielding a +0 whip of electrocution
              (20 damage)
             ... on level 4 of the Dungeon.
             The game lasted 00:01:08 (763 turns).

Bluestream the Skirmisher (Minotaur Fighter)         Turns: 763, Time: 00:01:09

Health: -1/42      AC:  6    Str: 21    XL:     4   Next: 20%
Magic:  3/3        EV:  7    Int:  5    God:
Gold:   108        SH:  9    Dex: 10    Spells: 3/3 levels left

rFire    . . .     SeeInvis .   a - +0 war axe
rCold    . . .     Gourm    .   c - +0 shield
rNeg     . . .     Faith    .   b - +0 scale mail
rPois    .         Spirit   .   (helmet restricted)
rElec    .         Reflect  .   (no cloak)
rCorr    .         Harm     .   (no gloves)
MR       .....                  (no boots)
Stlth    ..........             (no amulet)
HPRegen  0.14/turn              (no ring)
MPRegen  0.08/turn              (no ring)

@: no status effects
A: retaliatory headbutt, horns 2
a: no special abilities


You were on level 4 of the Dungeon.
You were not hungry.

You visited 1 branch of the dungeon, and saw 3 of its levels.

You collected 108 gold pieces.

Inventory:

Hand Weapons
 a - a +0 war axe (weapon)
Armour
 b - a +0 scale mail (worn)
 c - a +0 shield (worn)
Scrolls
 e - 3 scrolls of identify {unknown}
 g - 2 scrolls of teleportation {unknown}
 i - 2 scrolls of noise {unknown}
 j - a scroll of fear {unknown}
 l - a scroll of remove curse {unknown}
Potions
 d - 2 potions of might
 h - 2 potions of curing {unknown}
 k - a potion of mutation {unknown}
 m - a potion of magic {unknown}
 n - a potion of cancellation {unknown}
Comestibles
 f - 2 rations


   Skills:
 + Level 5.0 Fighting
 + Level 4.2 Axes
 - Level 3.6 Armour
 - Level 3.6 Shields


You had 3 spell levels left.
You didn't know any spells.
Your spell library was empty.

Dungeon Overview and Level Annotations

Branches:
Dungeon (2/15)

Altars:

Annotations:
D:4 Pikel


Innate Abilities, Weirdness & Mutations

You reflexively headbutt those who attack you in melee.
You have a pair of horns on your head.


Message History

You feel agile.
A slave comes into view.
The slave moves out of view.
You miss the slave. Your headbutt misses the slave.
You feel sick. You block the slave's attack.
You hit the slave but do no damage. Your headbutt misses the slave.
The slave hits you but does no damage.
A leopard gecko comes into view.
You hit Pikel.
Pikel is lightly wounded.
You closely miss Pikel. You headbutt Pikel, but do no damage.
Pikel is lightly wounded.
You feel sick.
You are no longer poisoned.
Pikel barely misses you. You furiously retaliate!
You headbutt Pikel. You barely miss Pikel.
Pikel is lightly wounded.
Pikel hits you with a +0 whip of electrocution!
You are electrocuted!!
You die...

### ##### ##.##
.....p##...##
...l.pK@....#####
....#p##........#
. # ##.#.###.#
#.......#
###.##..# #.##..#
#.##..# #.....#
####.##


You could see Pikel, 3 slaves and a leopard gecko.

Vanquished Creatures
  A hound (D:4)
  A centaur skeleton (D:4)
  An adder (D:4)
  5 bats (D:1)
  3 goblins
  2 hobgoblins
  A kobold (D:1)
  3 rats
17 creatures vanquished.

Notes
Turn   | Place    | Note
-------+----------+-------------------------------------------
     0 | D:1      | Bluestream the Minotaur Fighter began the quest for the
                  | Orb.
     0 | D:1      | Reached XP level 1. HP: 19/19 MP: 0/0
   128 | D:1      | Reached skill level 4 in Fighting
   128 | D:1      | Reached XP level 2. HP: 27/27 MP: 1/1
   707 | D:2      | You fall into a shaft and drop 2 floors!
   750 | D:4      | Reached XP level 3. HP: 30/34 MP: 2/2
   755 | D:4      | Noticed Pikel
   755 | D:4      | Noticed a slave
   757 | D:4      | Noticed a slave
   758 | D:4      | Reached skill level 5 in Fighting
   758 | D:4      | Reached XP level 4. HP: 28/42 MP: 3/3
   758 | D:4      | Noticed a slave
   763 | D:4      | Slain by Pikel

Levels and vault maps discovered:
D:1:      dpeg_arrival_circle_labyrinth_c, layout_basic, minmay_tromino_v4_b
D:2:      layout_basic, vehumet_crystals, nicolae_overflow_crystal_walls
D:4:      layout_loops_corners, fedhas_altar_2,
          nicolae_gozag_cash_rules_everything_around_me, uniq_pikel

Skill      XL: |  1  2  3 |
---------------+----------+-----
Fighting       | 4 5 |  5.0
Axes           | 3 4 |  4.2
Armour         | |  3.6
Shields        | |  3.6

Action                   |  1- 3 |  4- 6 || total
-------------------------+-------+-------++-------
Melee: War axe           |    41 |     5 ||    46
       Headbutt          |     7 |     1 ||     8
Armor: Scale mail        |    22 |     1 ||    23
Dodge: Dodged            |     8 |     1 ||     9
Block: Shield            |    24 |     1 ||    25
